 Dungeon Crawl Stone Soup version 0.20-a0-449-g96be121 (webtiles) character file.

10548 Da5id the Thaumaturge (level 11, -5/63 HPs)
             Began as a Deep Elf Conjurer on Jan 7, 2017.
             Was a Follower of Ashenzari.
             Slain by a gargoyle
             ... wielding a +0 morningstar
              (11 damage)
             ... on level 10 of the Dungeon.
             The game lasted 00:47:36 (18427 turns).

Da5id the Thaumaturge (Deep Elf Conjurer)          Turns: 18427, Time: 00:47:36

Health: -5/63      AC:  5    Str:  5    XL:     11   Next: 37%
Magic:  27/31      EV: 17    Int: 32    God:    Ashenzari [*.....]
Gold:   526        SH:  0    Dex: 15    Spells: 26/38 levels left

rFire  . . .     SeeInvis .     h - +7 quarterstaff (chaos)
rCold  . . .     Gourm    .     a - +0 robe
rNeg   . . .     Faith    .     (shield currently unavailable)
rPois  +         Spirit   .     k - +0 helmet (curse)
rElec  .         Reflect  .     i - +0 cloak (curse)
rCorr  .         Harm     .     (no gloves)
MR     ++...                    F - +0 pair of boots of the Tarantula {+Inv rPois Int+3} (curse)
Stlth  ++........               (no amulet)
                                q - +5 ring of intelligence (curse)
                                E - ring of protection from magic

@: drained
A: no striking features
a: Curse Item, Scrying, Renounce Religion, Evoke Invisibility


You were on level 10 of the Dungeon.
You worshipped Ashenzari.
Ashenzari was aware of your devotion.
You were not hungry.

You visited 1 branch of the dungeon, and saw 10 of its levels.

You collected 526 gold pieces.

Inventory:

Hand Weapons
 e - a +1 spear
 h - a +7 quarterstaff of chaos (weapon)
 A - a +1 whip of flaming
 Q - a +3 war axe
Armour
 a - a +0 robe (worn)
 i - a cursed +0 cloak (worn)
 k - a cursed +0 helmet (worn)
 F - the cursed +0 pair of boots of the Tarantula (worn) {+Inv rPois Int+3}
   (You found it on level 7 of the Dungeon)

   It affects your intelligence (+3).
   It protects you from poison.
   It lets you turn invisible.
   It has a curse placed upon it.
Jewellery
 d - a +3 ring of protection
 n - a +3 ring of protection
 o - a cursed -4 ring of intelligence
 q - a cursed +5 ring of intelligence (right hand)
 E - a ring of protection from magic (left hand)
 U - a +4 ring of intelligence
 W - an uncursed ring of flight
Wands
 m - a wand of polymorph (15/24)
 t - a wand of disintegration (16/24)
 x - a wand of random effects (5/48)
 D - a wand of lightning (4/15)
 M - a wand of random effects (24/48)
Scrolls
 l - 3 scrolls of teleportation
 p - 2 scrolls of blinking {unknown}
 r - 4 scrolls of fear {unknown}
 s - 4 scrolls of amnesia {unknown}
 y - a scroll of immolation {unknown}
 z - 2 scrolls of noise {unknown}
 G - 4 scrolls of fog {unknown}
 H - 2 scrolls of vulnerability {unknown}
 I - a scroll of enchant armour {unknown}
 R - a scroll of magic mapping {unknown}
 T - a scroll of silence {unknown}
 X - a scroll of identify
Potions
 f - a potion of might
 g - 3 potions of flight
 j - 10 potions of curing
 w - 2 potions of haste
 B - a potion of resistance {unknown}
 J - a potion of berserk rage
 K - a potion of agility
 L - 2 potions of ambrosia
 N - a potion of cure mutation
 O - a potion of heal wounds {unknown}
 P - a potion of brilliance {unknown}
 S - a potion of lignification {unknown}
 V - a potion of cancellation {unknown}
Books
 b - a book of Conjurations

   Spells                             Type                      Level
   a - Magic Dart                     Conjuration                  1
   b - Searing Ray                    Conjuration                  2
   c - Dazzling Spray                 Conjuration/Hexes            3
   d - Fulminant Prism                Conjuration/Hexes            4
   e - Iskenderun's Mystic Blast      Conjuration                  4
   f - Iskenderun's Battlesphere      Conjuration/Charms           5
 v - a book of Callings

   Spells                             Type                      Level
   a - Summon Small Mammal            Summoning                    1
   b - Call Imp                       Summoning                    2
   c - Call Canine Familiar           Summoning                    3
   d - Summon Guardian Golem          Hexes/Summoning              3
   e - Summon Lightning Spire         Summoning/Air                4
   f - Summon Ice Beast               Ice/Summoning                4
Comestibles
 c - 13 bread rations
 C - 5 meat rations
 Y - 4 chunks of flesh


   Skills:
 + Level 5.0(4.7) Fighting
 + Level 4.7(4.4) Staves
 + Level 7.6(7.3) Dodging
 - Level 2.4(2.1) Stealth
 - Level 14.1(13.8) Spellcasting
 - Level 10.2(9.9) Conjurations
 - Level 5.1(4.8) Charms
 - Level 3.1(2.9) Summonings
 - Level 3.1(2.8) Ice Magic


You had 26 spell levels left.
You knew the following spells:

 Your Spells              Type           Power        Failure   Level  Hunger
a - Magic Dart            Conj           ####         1%          1    None
b - Searing Ray           Conj           ######       1%          2    None
c - Iskenderun's Battles  Conj/Chrm      ######..     3%          5    None
d - Summon Ice Beast      Ice/Summ       #####...     10%         4    None


Dungeon Overview and Level Annotations

Branches:
Dungeon (10/15)            Temple (0/1) D:7            Lair (0/6) D:10
    Orc: D:9-12

Altars:
Ashenzari
Cheibriados
Fedhas
Hepliaklqana
Makhleb
Nemelex Xobeh
Qazlal
Sif Muna
Trog
Vehumet
Xom
Zin


Message History

Aim: a gargoyle, wielding a morningstar (almost destroyed)
The magic dart hits the gargoyle.
The gargoyle is almost destroyed.
Your battlesphere fires!
The barrage of energy hits the gargoyle.
The gargoyle is almost destroyed.
The quokka barely misses you.
Casting: Magic Dart
Confirm with . or Enter, or press ? or * to list all spells.
Aiming: Magic Dart
Press: ? - help, Shift-Dir - straight line, f/p - gargoyle
Aim: a gargoyle, wielding a morningstar (almost destroyed)
The magic dart hits the gargoyle.
The gargoyle is almost destroyed.
Your battlesphere fires!
The barrage of energy hits the gargoyle.
The gargoyle is almost destroyed.
Your battlesphere expends the last of its energy and dissipates.
The gargoyle hits you with a morningstar!
You die...

.. #..# ####..# #
.....############....
..........§..@...†...
#..........9r......
#............######
#.#####...............
#......................
#.........###########...
#..#####..# ... #..# ..
#####..###########.


You could see a gargoyle and a quokka.

Vanquished Creatures
  2 death yaks (D:10)
  3 two-headed ogres
  Pikel (D:5)
  An ugly thing (D:8)
  Joseph (D:8)
  Grinder (D:6)
  A hippogriff (D:7)
  Sigmund (D:3)
  A spriggan (D:8)
  A wyvern (D:9)
  The ghost of jejorda2 the Vandal, an amateur HaHu (D:3)
  Menkaure (D:7)
  A water moccasin (D:10)
  Duvessa (D:5)
  2 orc warriors (D:8)
  2 porcupines (D:10)
  A phantom (D:7)
  An ice beast (D:7)
  A black bear (D:4)
  2 sky beasts (D:6)
  A slave (D:5)
  4 ogres
  4 eyes of draining
  A necrophage (D:8)
  5 centaurs
  A big kobold (D:7)
  A bullfrog (D:8)
  Blork the orc (D:4)
  An earth elemental (D:10)
  Dowan (D:5)
  3 scorpions
  A howler monkey (D:5)
  A bullfrog zombie (D:8)
  2 crimson imps (D:7)
  A jelly (D:4)
  A quasit (D:5)
  A centaur zombie (D:8)
  Crazy Yiuf (D:3)
  An orc priest (D:5)
  11 hounds
  2 iguanas
  Terence (D:2)
  5 worker ants
  9 orc wizards
  3 hell rats (D:10)
  2 killer bee zombies
  A hound skeleton (D:2)
  2 worker ant zombies
  Robin (D:3)
  3 gnolls
  A howler monkey skeleton (D:6)
  12 adders
  3 shadow imps
  An ooze (D:5)
  2 adder skeletons (D:2)
  An adder zombie (D:5)
  3 worms
  2 dart slugs
  8 leopard geckos
  49 orcs
  A bat skeleton (D:2)
  4 giant cockroaches
  20 goblins
  18 hobgoblins
  17 jackals
  25 kobolds
  7 quokkas
  A ball python (D:8)
  8 bats
  5 frilled lizards
  A jackal skeleton (D:4)
  2 quokka skeletons
  4 rats
293 creatures vanquished.

Vanquished Creatures (collateral kills)
  A two-headed ogre (D:10)
  A death yak (D:10)
2 creatures vanquished.

Vanquished Creatures (others)
  A scorpion (D:5)
  A jelly (D:5)
  An orc wizard (D:7)
  A shadow imp (D:5)
  A jackal (D:5)
5 creatures vanquished.

Grand Total: 300 creatures vanquished

Notes
Turn   | Place    | Note
-------+----------+-------------------------------------------
     0 | D:1      | Da5id the Deep Elf Conjurer began the quest for the Orb.
     0 | D:1      | Reached XP level 1. HP: 10/10 MP: 6/6
   150 | D:1      | Reached skill level 4 in Spellcasting
   150 | D:1      | Reached XP level 2. HP: 15/15 MP: 1/9
  1261 | D:1      | Reached XP level 3. HP: 19/19 MP: 8/11
  1478 | D:2      | Reached skill level 5 in Spellcasting
  1958 | D:1      | Learned a level 2 spell: Searing Ray
  1964 | D:2      | Reached skill level 5 in Conjurations
  1964 | D:2      | Reached XP level 4. HP: 23/24 MP: 7/13
  2375 | D:2      | Noticed Terence
  2388 | D:2      | Killed Terence
  2743 | D:3      | Noticed Sigmund
  2751 | D:3      | Killed Sigmund
  2751 | D:3      | Reached XP level 5. HP: 28/28 MP: 6/14
  2751 | D:3      | Reached XP level 6. HP: 32/32 MP: 6/15
  2758 | D:3      | Learned a level 5 spell: Iskenderun's Battlesphere
  2821 | D:3      | Noticed Robin
  2840 | D:3      | Killed Robin
  3144 | D:3      | Noticed jejorda2's ghost (amateur HaHu)
  3151 | D:3      | Killed jejorda2's ghost
  3326 | D:3      | Reached skill level 1 in Charms
  4244 | D:3      | Found a runed door.
  4366 | D:3      | Reached XP level 7. HP: 36/36 MP: 11/16
  4819 | D:3      | Noticed Crazy Yiuf
  4823 | D:3      | Killed Crazy Yiuf
  5955 | D:4      | Found a snail-covered altar of Cheibriados.
  6416 | D:4      | Reached skill level 5 in Charms
  6715 | D:4      | Noticed Blork the orc
  6719 | D:4      | Killed Blork the orc
  7696 | D:5      | Entered Level 5 of the Dungeon
  8379 | D:5      | Noticed Dowan
  8380 | D:5      | Noticed Duvessa
  8386 | D:5      | Reached XP level 8. HP: 41/41 MP: 9/17
  8389 | D:5      | Killed Duvessa
  8389 | D:5      | Reached skill level 10 in Conjurations
  8395 | D:5      | Killed Dowan
  8778 | D:5      | Reached skill level 6 in Spellcasting
  9339 | D:5      | Noticed Pikel
  9351 | D:5      | Reached skill level 7 in Spellcasting
  9479 | D:5      | Killed Pikel
  9479 | D:5      | Reached skill level 9 in Spellcasting
  9893 | D:5      | Reached skill level 10 in Spellcasting
 10161 | D:5      | Reached XP level 9. HP: 45/45 MP: 22/25
 10302 | D:5      | Found a shattered altar of Ashenzari.
 10738 | D:6      | Noticed Grinder
 10745 | D:6      | Found a burning altar of Makhleb.
 10745 | D:6      | Noticed a green death
 10750 | D:6      | Killed Grinder
 10750 | D:6      | Reached skill level 11 in Spellcasting
 11328 | D:7      | Reached skill level 12 in Spellcasting
 11643 | D:7      | Found a shattered altar of Ashenzari.
 11952 | D:7      | Got a pair of ichor-stained boots
 11958 | D:7      | Identified the cursed +0 pair of boots of the Tarantula {+Inv rPois Int+3} (You found it on level 7 of the Dungeon)
 11995 | D:7      | Became a worshipper of Ashenzari the Shackled
 12084 | D:7      | Noticed Menkaure
 12088 | D:7      | Killed Menkaure
 12383 | D:7      | Found a staircase to the Ecumenical Temple.
 12390 | D:7      | Found a deep blue altar of Sif Muna.
 13426 | D:7      | Noticed a two-headed ogre
 13430 | D:7      | Killed a two-headed ogre
 13430 | D:7      | Reached skill level 13 in Spellcasting
 13477 | D:7      | Reached skill level 14 in Spellcasting
 13477 | D:7      | Reached XP level 10. HP: 41/50 MP: 12/30
 14149 | D:7      | Learned a level 4 spell: Summon Ice Beast
 14326 | D:7      | Reached skill level 1 in Summonings
 14326 | D:7      | Reached skill level 1 in Ice Magic
 14770 | D:8      | Noticed a white ugly thing
 14782 | D:8      | Killed a white ugly thing
 15277 | D:8      | Found a burning altar of Makhleb.
 15438 | D:8      | Found a hazy altar of Hepliaklqana.
 15467 | D:8      | Reached skill level 1 in Fighting
 15742 | D:8      | Found a bloodstained altar of Trog.
 15806 | D:8      | Found a sparkling altar of Nemelex Xobeh.
 15807 | D:8      | Found a blossoming altar of Fedhas.
 15808 | D:8      | Found a stormy altar of Qazlal.
 15809 | D:8      | Found a radiant altar of Vehumet.
 15810 | D:8      | Found a shimmering altar of Xom.
 15811 | D:8      | Found a glowing silver altar of Zin.
 15832 | D:8      | Noticed Joseph
 15839 | D:8      | Killed Joseph
 16359 | D:8      | Noticed a two-headed ogre
 16364 | D:8      | Reached skill level 5 in Dodging
 16369 | D:8      | Killed a two-headed ogre
 16484 | D:9      | Reached * piety under Ashenzari
 17320 | D:10     | Entered Level 10 of the Dungeon
 17590 | D:10     | Noticed a death yak
 17600 | D:10     | Killed a death yak
 17600 | D:10     | Reached XP level 11. HP: 22/60 MP: 6/31
 17792 | D:10     | Noticed a death yak
 17796 | D:10     | Noticed a death yak
 17958 | D:10     | Found a staircase to the Lair.
 17982 | D:10     | Killed a death yak
 17984 | D:10     | Killed a death yak
 18009 | D:10     | Noticed a two-headed ogre
 18013 | D:10     | Killed a two-headed ogre
 18182 | D:10     | Noticed a two-headed ogre
 18186 | D:10     | Killed a two-headed ogre
 18411 | D:10     | Reached skill level 5 in Fighting
 18427 | D:10     | Slain by a gargoyle

Vault maps used:
D:1:      minmay_arrival_nine_rooms
D:2:      serial_undead, serial_undead_b, serial_undead_a, serial_undead_f,
          serial_undead_f, first_bread, guppyfry_early_lair_pool, uniq_terence
D:3:      uniq_crazy_yiuf_cottage, uniq_sigmund, uniq_robin
D:4:      lemuel_statue_altar, uniq_blork_the_orc
D:5:      basic_altar, kennysheep_nondescript, uniq_pikel, uniq_duvessa
D:6:      makhleb_altar_promises_db, uniq_grinder
D:7:      corexii_shantytown, led_sif_book, ashenzari_conservatory_becter,
          uniq_menkaure
D:8:      marbit_many_paths, minitemple, trog_eyes_of_draining, the_bakery,
          kennysheep_cross_bottleneck, uniq_joseph
D:10:     minmay_stone_box, dpeg_lair_monsters, basic_altar

Skill      XL: |  1  2  3  4  5  6  7  8  9 10 11 |
---------------+----------------------------------+-----
Spellcasting   | 4 5 10 14 | 14.1
Conjurations   | 5 7 8 9 10 | 10.2
Charms         | 3 5 |  5.1
Summonings     | 3 |  3.1
Ice Magic      | 3 |  3.1
Dodging        | 6 7 |  7.6
Fighting       | 3 5 |  5.0
Staves         | 3 4 |  4.7
Stealth        | |  2.4

Action                   |  1- 3 |  4- 6 |  7- 9 | 10-12 || total
-------------------------+-------+-------+-------+-------++-------
Melee: Spear             |     2 |     3 |       |       ||     5
       Quarterstaff      |       |       |     4 |    10 ||    14
 Cast: Magic Dart        |    64 |    80 |   211 |   125 ||   480
       Searing Ray       |     1 |    15 |    36 |    26 ||    78
       Iskenderun's Batt |       |       |    24 |    38 ||    62
       Summon Ice Beast  |       |       |       |     4 ||     4
Invok: Curse Item        |       |       |     3 |       ||     3
  Use: Scroll            |       |     3 |       |    15 ||    18
       Potion            |       |       |       |     1 ||     1
  Eat: Chunk             |     3 |     7 |    22 |    13 ||    45
       Meat ration       |       |       |     1 |       ||     1
       Beef jerky        |       |       |     1 |       ||     1
       Pizza             |       |       |     1 |       ||     1
       Fruit             |       |       |       |     3 ||     3
Armor: Robe              |     4 |     8 |    17 |     7 ||    36
Dodge: Dodged            |    13 |    16 |    48 |    47 ||   124
